 Dungeon Crawl Stone Soup version 0.19-a0-1051-gdb7e7f8 (webtiles) character file.

69 Redz the Ducker (level 4, -6/29 HPs)
             Began as a Halfling Air Elementalist on Aug 2, 2016.
             Mangled by a gnoll
             ... wielding a +0 halberd
              (7 damage)
             ... on level 3 of the Dungeon.
             The game lasted 00:15:35 (2119 turns).

Redz the Ducker (Halfling Air Elementalist)         Turns: 2119, Time: 00:15:43

Health: -6/29      AC:  2    Str:  9    XL:     4   Next: 42%
Magic:  2/6        EV:  8    Int: 14    God:    Xom [..*...]
Gold:   91         SH:  0    Dex: 14    Spells: 1 memorised, 5 levels left

rFire  . . .     SeeInvis .     g - -1 falchion (curse)
rCold  . . .     Gourm    .     a - +0 robe
rNeg   . . .     Faith    .     (shield restricted)
rPois  .         Spirit   .     (no helmet)
rElec  .         Dismiss  .     (no cloak)
rCorr  .         Reflect  .     (no gloves)
SustAt .         Harm     +     (no boots)
MR     .....                    i - amulet of harm
Stlth  ++........               (no ring)
                                (no ring)

@: very slightly contaminated, held, not resistant to hostile enchantments,
unstealthy
A: mutation resistance 1, screaming 1
a: Renounce Religion


You were on level 3 of the Dungeon.
You worshipped Xom.
You were a toy of Xom.
You were hungry.

You visited 1 branch of the dungeon, and saw 3 of its levels.

You collected 91 gold pieces.

Inventory:

Hand Weapons
 g - a cursed -1 falchion (weapon)
Armour
 a - a +0 robe (worn)
Jewellery
 i - an amulet of harm (around neck)
Scrolls
 j - a scroll of remove curse
Potions
 e - 2 potions of haste {unknown}
 f - 2 potions of invisibility {unknown}
 h - a potion of ambrosia {unknown}
 k - a potion of might {unknown}
 l - a potion of curing {unknown}
Books
 b - a book of Air

   Spells                             Type                      Level
   a - Shock                          Conjuration/Air              1
   b - Swiftness                      Charms/Air                   2
   c - Repel Missiles                 Charms/Air                   2
   d - Static Discharge               Conjuration/Air              3
   e - Lightning Bolt                 Conjuration/Air              5
Comestibles
 c - a bread ration
 n - 2 meat rations


   Skills:
 + Level 2.1 Fighting
 + Level 3.7 Dodging
 - Level 2.1 Stealth
 - Level 1.5 Spellcasting
 - Level 0.7 Conjurations
 - Level 3.2 Air Magic


You had 5 spell levels left.
You knew the following spells:

 Your Spells              Type           Power        Failure   Level  Hunger
a - Shock                 Conj/Air       #...         14%         1    ##.....


Dungeon Overview and Level Annotations

Branches:
Dungeon (3/15)

Altars:
Xom


Innate Abilities, Weirdness & Mutations

You are small and have problems with some larger weapons.
You are somewhat resistant to further mutation.
You occasionally shout uncontrollably at your foes.


Message History

Aiming: Shock
Press: ? - help, Shift-Dir - straight line That beam is likely to hit you.
Continue anyway?
You miscast Shock.
Nothing appears to happen.
The gnoll hits you from afar with a halberd!
Ouch! That really hurt!
A shower of butterflies erupts from you!
You tear a large gash into the net. "Fight to survive, mortal."
You are now a toy of Xom.
The gnoll hits your butterfly but does no damage.
The gnoll hits you!
* * * LOW HITPOINT WARNING * * *
It was a potion of mutation.
You feel extremely strange.
You feel the urge to shout.
Xom thinks this is hilarious!
The gnoll shouts!
The gnoll hits you from afar with a halberd.
You die...
Xom titters!

#.# #.......# ...
#.......# #.#
#.....).# ...
#.......# ...
#####.#### #...
#........###
####.####.#..........
.....g.b#orb.g.....##
#.#..#gg@S.gb......#
# #ob#.gb.......#
.o.J..g........##
#.##.o###......## ..
#o.# ##..#### . .....
...# )#### #.# #. ..
#


You could see 7 gnolls, an ooze, 5 orcs, a ball python and a rat.

Vanquished Creatures
  Terence (D:2)
  A gnoll (D:1)
  A worm (D:2)
  A giant gecko (D:2)
  4 bats
  3 giant cockroaches (D:1)
  3 goblins
  4 hobgoblins
  2 jackals (D:2)
  2 giant newts (D:1)
  3 kobolds
  4 rats
29 creatures vanquished.

Notes
Turn   | Place    | Note
-------+----------+-------------------------------------------
     0 | D:1      | Redz the Halfling Air Elementalist began the quest for the Orb.
     0 | D:1      | Reached XP level 1. HP: 11/11 MP: 3/3
    13 | D:1      | Noticed an elf
    13 | D:1      | Noticed a merfolk zombie
    15 | D:1      | Noticed a spriggan
    21 | D:1      | Noticed a felid
   198 | D:1      | Reached XP level 2. HP: 18/18 MP: 0/4
   310 | D:1      | Reached skill level 1 in Fighting
   599 | D:1      | Reached XP level 3. HP: 10/23 MP: 0/5
  1192 | D:2      | Found a shimmering altar of Xom.
  1231 | D:2      | Became a worshipper of Xom of Chaos
  1240 | D:2      | Noticed Terence
  1248 | D:2      | XOM: harmless Ice miscast
  1256 | D:2      | XOM: potion effect (invisibility)
  1269 | D:2      | Killed Terence
  1269 | D:2      | Reached XP level 4. HP: 27/29 MP: 0/6
  1322 | D:2      | XOM: silly message
  1480 | D:1      | XOM: mild Tmut miscast
  1641 | D:2      | XOM: god gift: 21 gold pieces
  1731 | D:2      | XOM: harmless Pois miscast
  2035 | D:2      | XOM: mild Erth miscast
  2043 | D:2      | XOM: harmless Air miscast
  2073 | D:3      | XOM: 4-stop teleportation journey
  2115 | D:3      | XOM: noise
  2117 | D:3      | XOM: butterfly on damage
  2118 | D:3      | XOM: summons 5 hostile shadow creatures
  2118 | D:3      | HP: 1/29 [gnoll (10)]
  2119 | D:3      | Gained mutation: You occasionally shout uncontrollably at your foes. [potion of mutation]
  2119 | D:3      | Mangled by a gnoll

Vault maps used:
D:1:      shiori_arrival_whats_in_store_for_you
D:2:      old_standard_altar, uniq_terence
D:3:      lemuel_doored_altar, first_bread

Skill      XL: |  1  2  3 |
---------------+----------+-----
Fighting       | 1 2 |  2.1
Dodging        | 3 |  3.7
Stealth        | |  2.1
Spellcasting   | |  1.5
Conjurations   | |  0.7
Air Magic      | |  3.2

Action                   |  1- 3 |  4- 6 || total
-------------------------+-------+-------++-------
Melee: Unarmed           |    14 |       ||    14
       Dagger            |       |     1 ||     1
 Cast: Shock             |    53 |    28 ||    81
  Use: Scroll            |       |     4 ||     4
       Potion            |       |     1 ||     1
  Eat: Chunk             |     2 |     2 ||     4
       Beef jerky        |       |     1 ||     1
Armor: Robe              |     4 |     3 ||     7
Dodge: Dodged            |    16 |    14 ||    30
